 Dungeon Crawl Stone Soup version 0.31.0-32-g396128a36d (webtiles) character file.

Game seed: 9802160082980336111

34073 PaiMei the Black Sun (level 13, 0/98 (103) HPs)
             Began as a Demonspawn Necromancer on Mar 29, 2024.
             Was a High Priest of Kikubaaqudgha.
             Slain by a jumping spider (15 damage)
             ... on level 3 of the Lair of Beasts.
             The game lasted 00:43:00 (23118 turns).

PaiMei the Black Sun (Demonspawn Necromancer)      Turns: 23118, Time: 00:43:01

HP:   0/98 (103)    AC: 10    Str:  9    XL:     13   Next: 40%
MP:   25/28         EV: 14    Int: 31    God:    Kikubaaqudgha [*****.]
Gold: 635           SH:  0    Dex: 21    Spells: 6/34 levels left

rFire   x . .        y - +9 short sword of Puchiule {protect, rPois rF- Will+++ SInv}
rCold   . . .        F - +0 buckler
rNeg    . . .        G - +0 troll leather armour
rPois   +            M - +0 helmet {Int+3}
rElec   .            (no cloak)
rCorr   .            R - +0 pair of gloves
SInv    +            m - +0 pair of boots
Will    +++..        K - amulet "Quxiym" {RegenMP rF- Int+9}
Stlth   ++           j - ring of protection from fire
HPRegen 1.16/turn    P - +6 ring of dexterity
MPRegen 0.61/turn

%: no passive effects
@: agile, lethally poisoned (0 -> -42), held, lightly drained
A: demonic guardian 1, powered by pain 3, sharp scales 3, weakness stinger 2
a: Renounce Religion, Unearth Wretches, Torment


You were on level 3 of the Lair of Beasts.
You worshipped Kikubaaqudgha.
Kikubaaqudgha was extremely pleased with you.
You visited 3 branches of the dungeon, and saw 17 of its levels.

You collected 1032 gold pieces.
You spent 397 gold pieces at shops.

Inventory:

Hand Weapons
 l - the +8 trident of the Grave {heavy, ^Fragile rPois rN++ Stlth+}
   (You found it on level 1 of the Lair of Beasts)

   rPois:     It protects you from poison rN++: It greatly protects you from
   negative energy.
   ^Fragile:  It will be destroyed if unequipped.
   Stlth+:    It makes you more stealthy.
 y - the +9 short sword of Puchiule (weapon) {protect, rPois rF- Will+++ SInv}
   (You bought it in a shop on level 5 of the Dungeon)

   rF-:       It makes you vulnerable to fire.
   rPois:     It protects you from poison Will+++: It greatly increases your
   willpower.
   SInv:      It lets you see invisible.
 H - a +2 scimitar of flaming
 Y - a +5 spear of freezing
Missiles
 n - 4 silver javelins
 o - 26 poisoned darts (quivered)
 B - 5 throwing nets
Armour
 a - a +0 kite shield
 m - a +0 pair of boots (worn)
 F - a +0 buckler (worn)
 G - a +0 troll leather armour (worn)
 M - a +0 helmet of intelligence (worn)
 R - a +0 pair of gloves (worn)
Jewellery
 j - a ring of protection from fire (left hand)
 x - an amulet of regeneration
 K - the amulet "Quxiym" (around neck) {RegenMP rF- Int+9}
   (You found it on level 7 of the Dungeon)

   [amulet of magic regeneration]

   RegenMP:   It increases your rate of magic regeneration.
   Int+9:     It affects your intelligence (+9).
   rF-:       It makes you vulnerable to fire.
 N - the amulet "Plog" {Reflect Str+6 SH+5}
   (You found it on level 11 of the Dungeon)

   [amulet of reflection]

   Reflect:   It reflects blocked missile attacks.
   Str+6:     It affects your strength (+6).
   SH+5:      It affects your SH (+5).
 P - a +6 ring of dexterity (right hand)
 T - a ring of protection from fire
Wands
 e - a wand of mindburst (6)
 h - a wand of flame (23)
 w - a wand of iceblast (11)
 V - a wand of acid (6)
Scrolls
 f - 4 scrolls of fog
 i - 2 scrolls of vulnerability {unknown}
 k - 4 scrolls of enchant weapon {unknown}
 p - 3 scrolls of poison {unknown}
 s - 2 scrolls of immolation {unknown}
 t - 5 scrolls of enchant armour {unknown}
 u - a scroll of torment {unknown}
 v - 3 scrolls of revelation {unknown}
 C - 2 scrolls of blinking {unknown}
 E - 2 scrolls of brand weapon {unknown}
 J - 4 scrolls of fear
 L - 3 scrolls of teleportation
 O - 3 scrolls of amnesia {unknown}
 W - 3 scrolls of noise {unknown}
 X - a scroll of silence {unknown}
Potions
 b - a potion of magic
 d - a potion of might
 g - 2 potions of brilliance
 q - 2 potions of invisibility
 r - a potion of resistance
 z - 2 potions of curing
 A - 3 potions of cancellation
 D - a potion of lignification
 I - 2 potions of mutation
 Q - a potion of attraction
 S - 3 potions of haste


   Skills:
 - Level 10.0 Fighting
 + Level 5.6 Short Blades
 + Level 6.0 Armour
 - Level 9.1 Dodging
 - Level 2.0 Stealth
 + Level 11.0 Spellcasting
 + Level 13.4 Necromancy


You had 6 spell levels left.
You knew the following spells:

 Your Spells              Type           Power      Damage    Failure   Level
a - Necrotise             Necr           100%       1d9       1%          1
b - Vampiric Draining     Necr           79%        2d11      1%          3
c - Animate Dead          Necr           79%        N/A       1%          4
d - Curse of Agony        Necr           79%        N/A       1%          5
e - Dispel Undead         Necr           79%        3d26      1%          4
f - Borgnjor's Vile Clut  Necr/Erth      28%        N/A       11%         5
g - Sublimation of Blood  Necr           79%        N/A       1%          2
h - Martyr's Knell        Necr/Summ      56%        N/A       4%          4

Your spell library contained the following spells:

 Spells                   Type           Power      Damage    Failure   Level
 Kiss of Death            Conj/Necr      100%       2d13      1%          1
 Death Channel            Necr           39%        N/A       3%          6
 Magic Dart               Conj           68%        1d6       6%          1
 Blink                    Tloc           34%        N/A       10%         2
 Call Imp                 Summ           34%        N/A       10%         2
 Confusing Touch          Hex            17%        N/A       19%         3


Dungeon Overview and Level Annotations

Branches:
Dungeon (11/15)            Temple (1/1) D:6            Lair (5/5) D:11
 Spider (0/4) Lair:3        Slime (0/5) Lair:4          Orc (0/2) D:10
  Swamp: Lair:2-3    Shoals: Lair:2-3

Altars:
Ashenzari
Cheibriados
Dithmenos
Fedhas
Gozag
Hepliaklqana
Kikubaaqudgha
Makhleb
Nemelex Xobeh
Okawaru
Qazlal
Ru
Sif Muna
Trog
Uskayaw
Vehumet
Wu Jian
Xom
Yredelemnul
Jiyva

Shops:
D:1 =((?   D:4 ?   D:5 (   D:7 !=*   D:9 ?

Annotations:
D:9 1 runed translucent door
Lair:2 Urug


Innate Abilities, Weirdness & Mutations

A weak demonic guardian rushes to your aid.
You are powered by pain.
You are completely covered in razor-sharp scales. (AC +3, Slay +3)
You have a tail ending in a sharp stinger.


Message History

The redback poisons you! The redback completely misses you.
Casting: Vampiric Draining (safe; 1% risk of failure)
Confirm with . or Enter, or press ? or * to list all spells.
Aiming: Vampiric Draining (safe; 1% risk of failure)
Press: ? - help, Shift-Dir - straight line, f/p - redback
Aim: a redback (almost dead)
You draw life force from the redback.
You kill the redback!
Kikubaaqudgha accepts your kill.
You feel life coursing into your body.
You feel extremely sick. The redback bites you.
You are lethally poisoned!
The redback poisons you! The redback barely misses you. The redback bites you.
Casting: Vampiric Draining (safe; 1% risk of failure)
Confirm with . or Enter, or press ? or * to list all spells.
Aiming: Vampiric Draining (safe; 1% risk of failure)
Press: ? - help, Shift-Dir - straight line, f - redback
Aim: a redback You draw life force from the redback!
You feel life coursing into your body.
* * * LOW HITPOINT WARNING * * *
You focus on the pain.
You feel your power returning.
You feel extremely sick. The redback misses you. The redback bites you!
* * * LOW HITPOINT WARNING * * *
The jumping spider leaps!
The redback closely misses you.
Casting: Vampiric Draining (safe; 1% risk of failure)
Confirm with . or Enter, or press ? or * to list all spells.
Aiming: Vampiric Draining (safe; 1% risk of failure)
Press: ? - help, Shift-Dir - straight line, f/p - redback
Aim: a redback (moderately wounded)
You draw life force from the redback!!
You kill the redback!
Kikubaaqudgha accepts your kill.
You feel life coursing into your body!
* * * LOW HITPOINT WARNING * * *
You feel extremely sick. The jumping spider pounces on you!
You die...
Kikubaaqudgha rasps: "You have failed me!
Welcome... death!"

♣..................P.
♣♣.PP.............P#.
♣..............P.....
♣♣.#.P...#.#.#.PP..#.
♣♣....P...........P...
♣♣♣......##.............
........................
##..##s.##^##..P###.##..
##..P##@##.#.#P.##...#P.
......s††...............
.#...#...P....#.....#.##
...............)........
~~.~~~.....#.P...##...#.
~~.~~.~.................
.~.~.~~...#.#...P†###.##
~...~~~............†....
..>....#........<##†##..


You could see a jumping spider and a redback.

Vanquished Creatures
  Harold (Lair:1)
  5 death yaks
  A hydra (Lair:2)
  Amaemon (D:7)
  A skyshark (Lair:2)
  2 lindwurms
  An ugly thing (D:11)
  A cyclops (D:11)
  An elephant (Lair:4)
  A black mamba (Lair:3)
  3 gargoyles
  4 cane toads
  An orange demon (D:8)
  An unseen horror (D:11)
  2 kobold demonologists (D:9)
  A komodo dragon (Lair:3)
  A rime drake (Lair:4)
  2 polar bears (Lair:1)
  A hornet (D:9)
  2 trolls
  10 blink frogs
  Grinder (D:6)
  Prince Ribbit (Lair:2)
  4 wyverns
  A shadow (D:11)
  36 yaks
  2 basilisks
  A human (D:10)
  2 steam dragons
  3 redbacks (Lair:3)
  2 vampire mosquitoes (D:10)
  11 water moccasins
  4 orc warriors
  4 black bears
  10 ogres
  11 wolves
  4 centaurs
  A phantom (D:7)
  4 kobold brigands
  2 gnoll sergeants
  10 bullfrogs
  3 scorpions
  11 wights
  5 killer bees
  An electric eel (D:6)
  4 howler monkeys
  5 bombardier beetles
  11 orc priests
  13 hounds
  3 gnoll boudas
  A jelly (D:7)
  A sleepcap (D:4)
  Ijyb (D:5)
  Natasha (thrice) (D:4)
  4 iguanas
  21 orc wizards
  6 hell rats
  18 gnolls
  6 adders
  A shadow imp (D:7)
  2 white imps
  2 ribbon worms
  3 dart slugs
  40 orcs
  3 bats
  7 endoplasms
  2 giant cockroaches
  8 goblins
  6 hobgoblins
  4 quokkas
  4 ball pythons
  4 frilled lizards
  14 kobolds
  5 rats
379 creatures vanquished.

Vanquished Creatures (collateral kills)
  2 elephants (Lair:4)
  Maggie (D:6)
  A cane toad (Lair:4)
  A troll (D:6)
  6 blink frogs
  4 yaks
  A wyvern (D:11)
  A basilisk (D:11)
  2 water moccasins
  A black bear (Lair:1)
  An ogre (D:6)
  A gnoll sergeant (D:6)
  4 bullfrogs
  An orc priest (D:11)
  2 gnolls
  An adder (D:2)
  An orc (D:6)
  An endoplasm (D:2)
  A giant cockroach (D:1)
  A hobgoblin (D:1)
  A quokka (D:3)
35 creatures vanquished.

Vanquished Creatures (others)
  A cane toad zombie (Lair:2)
  2 blink frog zombies (Lair:4)
  A wyvern zombie (Lair:2)
  A water moccasin zombie (Lair:4)
  A yak zombie (Lair:2)
  A polar bear zombie (Lair:1)
  An orc wizard (D:6)
8 creatures vanquished.

Grand Total: 422 creatures vanquished

Notes
Turn   | Place    | Note
-------+----------+-------------------------------------------
     0 | D:1      | PaiMei the Demonspawn Necromancer began the quest for the
                  | Orb.
     0 | D:1      | Reached XP level 1. HP: 13/13 MP: 3/3
    91 | D:1      | Found Posok's Antique Weapon Emporium.
   323 | D:1      | Found a faded altar of an unknown god.
   378 | D:1      | Found Lyonkaug's Magic Scroll Shoppe.
   381 | D:1      | Bought a scroll of teleportation for 39 gold pieces
   480 | D:1      | Gained mutation: A weak demonic guardian rushes to your
                  | aid. [demonic ancestry]
   480 | D:1      | Reached XP level 2. HP: 19/19 MP: 3/5
   559 | D:1      | Found Bitif's Jewellery Shoppe.
   597 | D:1      | Found Myzxi's Weapon Shoppe.
   919 | D:2      | Gained mutation: You sometimes gain a little power by
                  | taking damage. [demonic ancestry]
   919 | D:2      | Reached XP level 3. HP: 6/25 MP: 0/6
  1115 | D:2      | Learned a level 3 spell: Vampiric Draining
  1562 | D:2      | Reached skill level 1 in Fighting
  1858 | D:2      | Found an iron altar of Okawaru.
  2226 | D:3      | Reached XP level 4. HP: 32/32 MP: 3/7
  2322 | D:3      | Reached skill level 5 in Necromancy
  2740 | D:3      | Reached XP level 5. HP: 37/38 MP: 3/9
  3597 | D:4      | Found Rorel's Magic Scroll Shop.
  3599 | D:4      | Noticed Natasha
  3707 | D:4      | Bought a scroll of fear for 48 gold pieces
  3707 | D:4      | Bought a scroll of identify for 24 gold pieces
  3766 | D:4      | Found a burning altar of Makhleb.
  3771 | D:4      | Gained mutation: You have a small tail. [demonic ancestry]
  3771 | D:4      | Reached XP level 6. HP: 41/46 MP: 5/11
  3774 | D:4      | Found an iron altar of Okawaru.
  4235 | D:4      | Killed Natasha
  4280 | D:4      | Noticed Natasha
  4286 | D:4      | Killed Natasha
  4382 | D:4      | Noticed Natasha
  4411 | D:4      | Killed Natasha
  4539 | D:4      | Reached skill level 6 in Necromancy
  4539 | D:4      | Reached XP level 7. HP: 37/52 MP: 5/12
  4863 | D:5      | Entered Level 5 of the Dungeon
  5066 | D:5      | Noticed Ijyb
  5174 | D:5      | Killed Ijyb
  5803 | D:5      | Found Ogues's Antique Weapon Boutique.
  6036 | D:5      | Gained mutation: You are partially covered in razor-sharp
                  | scales. (AC +1, Slay +1) [demonic ancestry]
  6036 | D:5      | Reached XP level 8. HP: 50/60 MP: 0/14
  6626 | D:5      | Bought a pitted short sword for 176 gold pieces
  6626 | D:5      | Identified the +9 short sword of Puchiule {protect, rPois
                  | rF- Will+++ SInv} (You bought it in a shop on level 5 of
                  | the Dungeon)
  6676 | D:6      | Reached skill level 7 in Necromancy
  6872 | D:6      | Noticed Grinder
  6878 | D:6      | Killed Grinder
  6879 | D:6      | Reached skill level 5 in Fighting
  6879 | D:6      | Reached skill level 5 in Dodging
  6879 | D:6      | Reached skill level 5 in Spellcasting
  7444 | D:6      | Gained mutation: You sometimes gain power by taking damage.
                  | [demonic ancestry]
  7444 | D:6      | Reached XP level 9. HP: 68/68 MP: 3/17
  7752 | D:6      | Reached skill level 8 in Necromancy
  7949 | D:6      | Found a staircase to the Ecumenical Temple.
  7957 | Temple   | Entered the Ecumenical Temple
  7964 | Temple   | Became a worshipper of Kikubaaqudgha
  8175 | D:6      | Noticed Maggie
  8216 | D:6      | Killed Maggie
  8489 | D:6      | Noticed a troll
  9061 | D:6      | Killed a troll
  9245 | D:6      | Reached skill level 9 in Necromancy
  9370 | D:6      | HP: 3/71 [gnoll sergeant/+3 vampiric spear (8)]
  9868 | D:6      | Gained mutation: You are mostly covered in razor-sharp
                  | scales. (AC +2, Slay +2) [demonic ancestry]
  9868 | D:6      | Reached XP level 10. HP: 33/79 MP: 13/20
 10116 | D:6      | Reached * piety under Kikubaaqudgha
 10116 | D:6      | Received a gift from Kikubaaqudgha
 10422 | D:6      | Identified the +3 dagger of the Shouting Pill Bug {protect,
                  | MP+9 Stlth+}
 10781 | D:6      | Learned a level 4 spell: Animate Dead
 10787 | D:6      | Learned a level 5 spell: Curse of Agony
 10792 | D:6      | Learned a level 4 spell: Dispel Undead
 10795 | D:6      | Learned a level 2 spell: Sublimation of Blood
 11089 | D:7      | Found Rufeczush's Distillery.
 11284 | D:7      | Found Zyipames's Jewellery Boutique.
 11297 | D:7      | Identified the amulet "Quxiym" {RegenMP rF- Int+9}
 11309 | D:7      | Found Ifiy's Assorted Antiques.
 12408 | D:7      | Found a snail-covered altar of Cheibriados.
 12494 | D:8      | You fall into a shaft and drop 3 floors!
 13265 | D:11     | Found a staircase to the Lair.
 13273 | D:11     | Noticed a cyan ugly thing
 13282 | D:11     | Identified the amulet "Plog" {Reflect Str+6 SH+5}
 13395 | D:11     | Noticed a cyclops
 13405 | D:11     | Killed a cyclops
 13406 | D:11     | Reached skill level 10 in Necromancy
 13526 | D:11     | Killed a cyan ugly thing
 13591 | D:11     | Noticed a gargoyle
 13707 | D:10     | Entered Level 10 of the Dungeon
 13719 | D:10     | Noticed a gargoyle
 13784 | D:10     | Noticed a gargoyle
 13798 | D:10     | HP: 2/82 [orc priest/divine providence (10)]
 13800 | D:10     | Gained mutation: You have a tail ending in a sharp stinger.
                  | [demonic ancestry]
 13800 | D:10     | Reached XP level 11. HP: 4/87 MP: 13/23
 14034 | D:10     | Found a staircase to the Orcish Mines.
 14196 | D:10     | Reached ** piety under Kikubaaqudgha
 15073 | D:9      | Found a runed translucent door.
 15080 | D:9      | Noticed a white ugly thing
 15355 | D:9      | Noticed a two-headed ogre
 15923 | D:9      | Reached *** piety under Kikubaaqudgha
 15923 | D:9      | Received a gift from Kikubaaqudgha
 16119 | D:9      | Found Weack's Magic Scroll Boutique.
 16122 | D:9      | Bought a scroll of fear for 44 gold pieces
 16122 | D:9      | Bought a scroll of identify for 22 gold pieces
 16122 | D:9      | Bought a scroll of fog for 44 gold pieces
 16299 | D:8      | Reached skill level 11 in Necromancy
 16476 | D:8      | Noticed Amaemon
 16485 | D:8      | Learned a level 5 spell: Borgnjor's Vile Clutch
 16847 | D:7      | Killed Amaemon
 18915 | Lair:1   | Entered Level 1 of the Lair of Beasts
 19334 | Lair:1   | Identified the +8 trident of the Grave {heavy, ^Fragile
                  | rPois rN++ Stlth+}
 19400 | Lair:1   | Reached skill level 1 in Armour
 19446 | Lair:1   | Gained mutation: You are completely covered in razor-sharp
                  | scales. (AC +3, Slay +3) [demonic ancestry]
 19446 | Lair:1   | Reached XP level 12. HP: 76/97 MP: 10/25
 19461 | Lair:1   | Reached skill level 10 in Fighting
 19749 | Lair:1   | Noticed Harold
 19761 | Lair:1   | Killed Harold
 19762 | Lair:1   | Reached skill level 1 in Short Blades
 19901 | Lair:1   | Learned a level 4 spell: Martyr's Knell
 19977 | Lair:2   | Reached **** piety under Kikubaaqudgha
 19993 | Lair:2   | Reached skill level 12 in Necromancy
 20354 | Lair:2   | Noticed a six-headed hydra
 20371 | Lair:2   | Killed a six-headed hydra
 20608 | Lair:2   | Noticed Prince Ribbit
 20621 | Lair:2   | Killed Prince Ribbit
 20669 | Lair:2   | Noticed a death yak
 20669 | Lair:2   | Noticed a death yak
 20669 | Lair:2   | Noticed a death yak
 20687 | Lair:2   | Noticed a death yak
 20691 | Lair:2   | Killed a death yak
 20692 | Lair:2   | Reached skill level 10 in Spellcasting
 20722 | Lair:2   | Noticed a death yak
 20736 | Lair:1   | Killed a death yak
 20797 | Lair:2   | Killed a death yak
 20835 | Lair:1   | Killed a death yak
 20865 | Lair:2   | Killed a death yak
 21019 | Lair:2   | Noticed Urug
 21169 | Lair:3   | You fall into a shaft and drop 2 floors!
 21169 | Lair:5   | Entered Level 5 of the Lair of Beasts
 21339 | Lair:4   | Reached skill level 5 in Armour
 21341 | Lair:4   | Gained mutation: You are powered by pain. [demonic
                  | ancestry]
 21341 | Lair:4   | Reached XP level 13. HP: 95/103 MP: 8/27
 21351 | Lair:4   | Reached skill level 13 in Necromancy
 21477 | Lair:4   | Reached skill level 5 in Short Blades
 21845 | Lair:4   | Reached ***** piety under Kikubaaqudgha
 22405 | Lair:4   | Found a viscous altar of Jiyva.
 22406 | Lair:4   | Found a staircase to the Slime Pits.
 23107 | Lair:3   | Found a hole to the Spider Nest.
 23118 | Lair:3   | Slain by a jumping spider

Illustrated notes

Levels and vault maps discovered:
D:1:      dpeg_arrival_pits, layout_basic, basic_ecumenical_altar, serial_shops,
          shop, nicolae_shop_tiny_real_fake_doors, nicolae_shop_real_fake_doors,
          nicolae_square_shop, minmay_cupped
D:2:      layout_loops_ring, serial_aquarium, aquarium_bridge_square
          [aquarium_subvault_bridge, aquarium_subvault_bridge,
          aquarium_subvault_wall, aquarium_subvault_window],
          aquarium_bridge_square [aquarium_subvault_wall,
          aquarium_subvault_bridge, aquarium_subvault_bridge,
          aquarium_subvault_wall], aquarium_window_fake, aquarium_window_1,
          aquarium_window_fake, aquarium_view_2g, aquarium_balcony_double_3,
          basic_altar, guppyfry_early_lair_pool
D:3:      layout_rooms
D:4:      layout_loops_ring, grunt_temple_overflow_open, serial_shops,
          nicolae_shop_gibbet_a_chance, nrook_mini_vaults, uniq_natasha
D:5:      layout_cave_pods, zin_treasury, serial_shops,
          nicolae_shop_behind_doors, uniq_ijyb
D:6:      lemuel_castle_with_subvaults [lemuel_castle_interior_original],
          layout_loops_ring, minmay_temple_entry_statues_fountains,
          serial_bayou_lake_a, uniq_maggie, uniq_grinder
D:7:      layout_layer_cave, slow_altar_2, serial_shops,
          nicolae_shop_gaudy_bauble, nicolae_stop_n_shop_1,
          nicolae_shop_industrial_runoff
D:8:      layout_basic, uniq_amaemon
D:9:      layout_basic, serial_shops, nicolae_shop_rolled_up, minmay_st_funbox,
          kennysheep_generic_room_6
D:10:     layout_roguey, erik_orc_4, nrook_mini_backslash
D:11:     layout_rooms, minmay_lair_entry_grove, grunt_ministairs_11,
          small_statue_intersection
Temple:   nicolae_temple_no_exploring_needed
Lair:1:   layout_gridlike, beast_lair_carwin_5, serial_bayou_shore_b,
          grunt_megastairs_2, infiniplex_staircase_pool_2, uniq_harold
Lair:2:   layout_roguey, uniq_prince_ribbit2, uniq_urug
Lair:3:   layout_long_grid, minmay_swamp_entry_worms, spider_nest_entry_a
Lair:4:   layout_regular_city, slime_entry_1, nicolae_quartered_pool_super
Lair:5:   evilmike_catoblepas_cave, layout_misc_corridors, basic_altar,
          serial_bayou_pond_b

Skill      XL: |  1  2  3  4  5  6  7  8  9 10 11 12 13 |
---------------+----------------------------------------+-----
Dodging        | 2 3 4 5 6 8 9 |  9.1
Stealth        | 2 |  2.0
Fighting       | 1 2 3 4 5 7 8 9 10 | 10.0
Necromancy     | 5 6 7 9 10 11 12 13 | 13.4
Spellcasting   | 3 4 5 6 8 9 10 11 | 11.0
Armour         | 1 5 6 |  6.0
Short Blades   | 4 5 |  5.6

Action                     |  1- 3 |  4- 6 |  7- 9 | 10-12 | 13-15 || total
---------------------------+-------+-------+-------+-------+-------++-------
  Melee: Unarmed           |    28 |       |       |       |       ||    28
         Punch             |     1 |       |     1 |     6 |       ||     8
         Hand axe          |       |    14 |       |       |       ||    14
         Falchion          |       |     6 |    16 |       |       ||    22
         Tailslap          |       |       |    11 |    96 |    16 ||   123
         Short sword       |       |       |    91 |   396 |    61 ||   548
   Cast: Necrotise         |    75 |   120 |   106 |    90 |     9 ||   400
         Vampiric Draining |       |     3 |    90 |   219 |    64 ||   376
         Dispel Undead     |       |       |       |    17 |       ||    17
         Curse of Agony    |       |       |       |    17 |     1 ||    18
         Borgnjor's Vile C |       |       |       |    20 |       ||    20
         Animate Dead      |       |       |       |     7 |     1 ||     8
  Evoke: Wand              |       |       |       |     4 |       ||     4
    Use: Scroll            |       |     1 |     2 |    10 |     1 ||    14
   Stab: Sleeping          |       |       |       |     1 |       ||     1
 Armour: Robe              |    18 |    40 |   135 |    11 |       ||   204
         Troll leather arm |       |       |       |   471 |    71 ||   542
  Dodge: Dodged            |    39 |    60 |   139 |   692 |   132 ||  1062
  Block: Buckler           |       |       |       |       |    20 ||    20
